 Dungeon Crawl Stone Soup version 0.30.1-9-gdf580d7c3d (webtiles) character file.

Game seed: 17148324412802228282

6 Ironcache the Magician (level 2, -1/24 HPs)
             Began as a Meteoran Wanderer on Oct 4, 2023.
             Slain by a quokka (5 damage)
             ... on level 1 of the Dungeon.
             The game lasted 00:01:52 (113 turns).

Ironcache the Magician (Meteoran Wanderer)           Turns: 113, Time: 00:01:53

Health: -1/24      AC:  2    Str: 13    XL:     2   Next: 11%
Magic:  6/6        EV: 11    Int: 17    God:
Gold:   0          SH:  0    Dex:  9    Spells: 6/6 levels left

rFire   . . .        a - +0 club
rCold   . . .        (no shield)
rNeg    . . .        c - +0 robe
rPois   .            (no helmet)
rElec   .            (no cloak)
rCorr   .            (no gloves)
SInv    .            (no boots)
Will    .....        (no amulet)
Stlth   +            (no ring)
HPRegen 0.24/turn    (no ring)
MPRegen 0.10/turn

%: no passive effects
@: glowing
A: sense surroundings 1, otherworldly, glowing, explore regen
a: no special abilities


You were on level 1 of the Dungeon.
You visited 1 branch of the dungeon, and saw 1 of its levels.

Inventory:

Hand Weapons
 a - a +0 club (weapon)
Armour
 c - a +0 robe (worn)
Scrolls
 e - a scroll of vulnerability {unknown}
 f - a scroll of silence {unknown}
Potions
 b - 2 potions of heal wounds
 d - a potion of attraction


   Skills:
 + Level 2.2 Fighting
 + Level 1.3 Armour
 + Level 1.3 Dodging
 + Level 2.8 Spellcasting
 + Level 2.5 Air Magic
 + Level 2.5 Earth Magic


You had 6 spell levels left.
You didn't know any spells.
Your spell library contained the following spells:

 Spells                   Type           Power      Damage    Failure   Level
 Sandblast                Erth           22%        2d7       6%          1
 Shock                    Conj/Air       24%        1d4       11%         1
 Static Discharge         Conj/Air       12%        2-3/arc   16%         2
 Stone Arrow              Conj/Erth      12%        3d7       30%         3
 Mephitic Cloud           Conj/Pois/Air  5%         N/A       36%         3


Dungeon Overview and Level Annotations

Branches:
Dungeon (1/15) Zot: 480

Altars:


Innate Abilities, Weirdness & Mutations

You passively map a small area around you.
You are easily found by Zot.
You glow in the dark.
You regain HP and MP as you explore.


Message History

The quokka is lightly wounded.
The quokka barely misses you. The quokka bites you.
You hit the quokka.
The quokka is moderately wounded.
The quokka barely misses you.
You hit the quokka but do no damage.
The quokka is moderately wounded.
The quokka closely misses you. x2
You hit the quokka.
The quokka is severely wounded.
The quokka bites you.
You closely miss the quokka.
The quokka is severely wounded.
The quokka closely misses you. The quokka bites you.
You closely miss the quokka.
The quokka is severely wounded.
The quokka bites you.
You are too injured to fight recklessly!
You are too injured to fight recklessly!
You are too injured to fight recklessly!
You are too injured to fight recklessly!
You are too injured to fight recklessly!
You hit the quokka.
You kill the quokka!
A quokka comes into view.
A quokka is nearby!
A kobold comes into view. It is wielding a +0 dagger.
The kobold shouts!
A quokka comes into view.
The quokka bites you.
You hit the quokka.
The quokka is lightly wounded.
The quokka bites you.
* * * LOW HITPOINT WARNING * * *
The kobold throws a stone.
The stone hits you.
* * * LOW HITPOINT WARNING * * *
You barely miss the quokka.
The quokka is lightly wounded.
The quokka bites you.
You die...

.......# #.#
.#####.####.#########
.# #......†.......# *
.# ######.........#
.# ##........### ##
#.)........#
#..........#
###..###... **
####### ##.@r# .. * ,
#.....# ###.....#
#.###.### #....# #.#
#...# *....#* * #.#
###.# * Kr.# #.# #.#
#..# ..# #.##### #.#
### #.....##### *.# ,
#.#.......# ,


You could see 2 quokkas and a kobold.

Vanquished Creatures
  A ball python (D:1)
  3 bats (D:1)
  A quokka (D:1)
  A rat (D:1)
6 creatures vanquished.

Notes
Turn   | Place    | Note
-------+----------+-------------------------------------------
     0 | D:1      | Ironcache the Meteoran Wanderer began the quest for the
                  | Orb.
     0 | D:1      | Ironcache set off with the following items: a +0 club, a
                  | potion of heal wounds, a +0 robe, a potion of attraction;
                  | and the following spells available to memorise: Sandblast,
                  | Shock, Static Discharge, Stone Arrow, Mephitic Cloud.
     0 | D:1      | Reached XP level 1. HP: 17/17 MP: 5/5
    95 | D:1      | Reached XP level 2. HP: 24/24 MP: 6/6
   113 | D:1      | Slain by a quokka

Illustrated notes

Levels and vault maps discovered:
D:1:      mrwooster_arrival_statue_3, layout_basic

Action                     || total
---------------------------++-------
  Melee: Club              ||    19
 Armour: Robe              ||     7
  Dodge: Dodged            ||    16
